cohdb
Replays
Latest Replays
All Replays
Popular Replays
Top Player Replays
Match Explorer
How It Works
Community
CoH3 Stats
Reddit
Sign in to upload your games and track your stats! →
Sign in with Steam
Match 46270661
Unlisted
Match 46270661
Overview
Messages
Build Orders
End
Vickers Machine Gun Team
Construct Section Command Post
Selects Heavy Armor Battlegroup
Infantry Section
Infantry Section
Grenade Package
Infantry Section
Infantry Section
Construct Platoon Command Post
Selects Rigorous Vehicle Training
Selects Forward Repair Assembly
Selects UNKNOWN (2162094)
Royal Engineer Section
Construct Company Command Post
Selects Light Vehicle Withdraw and Refit
Selects Radio Net
ML 3-inch Mortar Team
Churchill IV Heavy Tank
Armored Vehicle Training
Royal Engineer Section
Gladiator
RhumsteaK
EtriusKlar
CptDelaney
anioki
BilboShagins
Sky Blues
厄运宣告
0
0
Comments
sign in to comment!
No comments posted yet!